 Dungeon Crawl Stone Soup version 0.28-a0-872-g80cf8599ee (webtiles) character file.

Game seed: 3492051083761761378

74 mcbry74 the Slasher (level 4, -7/37 HPs)
             Began as a Human Berserker on Nov 20, 2021.
             Was a Follower of Trog.
             Mangled by Sigmund (10 damage)
             ... on level 2 of the Dungeon.
             The game lasted 00:05:38 (1999 turns).

mcbry74 the Slasher (Human Berserker)               Turns: 1999, Time: 00:05:39

Health: -7/37      AC:  3    Str: 19    XL:     4   Next: 52%
Magic:  4/4        EV: 12    Int:  7    God:    Trog [*.....]
Gold:   86         SH:  0    Dex: 12    Spells: 3/3 levels left

rFire   . . .      SeeInvis .   a - +0 falchion
rCold   . . .      Faith    .   (no shield)
rNeg    + . .      Spirit   .   b - +0 animal skin
rPois   .          Reflect  .   k - +0 helmet
rElec   .          Harm     .   (no cloak)
rCorr   +          Rampage  .   (no gloves)
Will    .....                   (no boots)
Stlth   +.........              (no amulet)
HPRegen 0.12/turn               i - ring of positive energy
MPRegen 0.09/turn               p - ring of resist corrosion

@: invisible
A: no striking features
a: Renounce Religion, Berserk


You were on level 2 of the Dungeon.
You worshipped Trog.
Trog was aware of your devotion.
You visited 1 branch of the dungeon, and saw 2 of its levels.

You collected 86 gold pieces.

Inventory:

Hand Weapons
 a - a +0 falchion (weapon)
Missiles
 j - 3 datura-tipped darts (quivered)
Armour
 b - a +0 animal skin (worn)
 k - a +0 helmet (worn)
 o - a +0 ring mail
Jewellery
 i - a ring of positive energy (left hand)
 p - a ring of resist corrosion (right hand)
Scrolls
 c - a scroll of teleportation {unknown}
 e - a scroll of enchant armour {unknown}
 f - a scroll of brand weapon {unknown}
 l - a scroll of identify {unknown}
 n - a scroll of blinking {unknown}
Potions
 g - a potion of lignification {unknown}
 h - a potion of heal wounds {unknown}
 m - a potion of curing {unknown}


   Skills:
 + Level 4.1 Fighting
 + Level 4.1 Long Blades
 - Level 2.0 Armour
 - Level 2.0 Dodging


You had 3 spell levels left.
You didn't know any spells.
Your spell library was empty.

Dungeon Overview and Level Annotations

Branches:
Dungeon (2/15)

Altars:

Shops:
D:2 :

Annotations:
D:2 Sigmund


Message History

You hit the rat.
You kill the rat!
Trog accepts your kill.
There is a stone staircase leading down here.
Found a hunting sling.
You see here a +0 hunting sling.
You see here a +0 hunting sling.
Sigmund the Dreaded comes into view.
He is wielding a +0 scythe.
Throw: 4 darts (datura)
Press: ? - help, Q - select action Shift-Dir - straight line, f - Sigmund
Aim: Sigmund, wielding a +0 scythe and wearing a +0 robe (55% to hit, chance to frenzy on hit: 75%)
You throw a datura-tipped dart.
The datura-tipped dart barely misses Sigmund.
Sigmund points at you and mumbles some strange words.
You are confused.
You bump into the rock wall.
Sigmund hits you from afar with a +0 scythe.
Sigmund hits you with a +0 scythe.
You feel less confused. Sigmund completely misses you.
Sigmund casts a spell.
Sigmund flickers and vanishes!
Deactivating autopickup; reactivate with Ctrl-A.
You hear some strange, mumbled words.
You are confused.
You bump into the rock wall.
You hear some strange, mumbled words.
A magic dart appears from out of thin air!
The magic dart hits you.
You closely miss something. Something hits you!
You hit something. Something hits you!
* * * LOW HITPOINT WARNING * * *
You bump into the rock wall.
You feel less confused. Something hits you!
* * * LOW HITPOINT WARNING * * *
It was a potion of invisibility.
You fade into invisibility!
Something hits you!
You die...

♣≈≈≈≈.PP♣.^#
#...#
.≈≈≈PP...P.#
#.#>#
..≈≈....P..#
#.#.#
P....P.P...#
#.#.#
#####......#
#.#.#
########
#.#.#
###.#.#
#.....#
#@#)###
#.#.# #{#.#
#.#.#####
#....(..#
#.#.###.#
###.# ...
#.##


There were no monsters in sight!

Vanquished Creatures
  Jessica (D:2)
  A gnoll (D:1)
  2 adders (D:2)
  2 endoplasms
  A giant cockroach (D:1)
  A jackal (D:1)
  3 kobolds
  A quokka (D:2)
  A ball python (D:2)
  3 bats
  2 frilled lizards
  2 goblins
  4 rats
24 creatures vanquished.

Vanquished Creatures (others)
  A plant (D:2)
1 creature vanquished.

Grand Total: 25 creatures vanquished

Notes
Turn   | Place    | Note
-------+----------+-------------------------------------------
     0 | D:1      | mcbry74 the Human Berserker began the quest for the Orb.
     0 | D:1      | Reached XP level 1. HP: 18/18 MP: 1/1
   225 | D:1      | Reached XP level 2. HP: 18/24 MP: 2/2
   716 | D:1      | Reached XP level 3. HP: 28/29 MP: 3/3
   780 | D:1      | Found a faded altar of an unknown god.
   780 | D:1      | Noticed a balrug
  1727 | D:2      | Found Otwakudo's Book Boutique.
  1790 | D:2      | Noticed Jessica
  1806 | D:2      | Killed Jessica
  1807 | D:2      | Reached XP level 4. HP: 34/37 MP: 4/4
  1981 | D:2      | Noticed Sigmund
  1999 | D:2      | Mangled by Sigmund

Illustrated notes

Levels and vault maps discovered:
D:1:      dpeg_arrival_windows_large_door, layout_basic,
          dreamdust_ecumenical_altar_sealed_demon, st_stairs_3,
          minmay_tetromino_l4
D:2:      layout_basic, serial_shops, shop, glass_columns_a,
          supply_closet_lemuel, guppyfry_early_lair_pool, uniq_sigmund,
          uniq_jessica

Skill      XL: |  1  2  3 |
---------------+----------+-----
Fighting       | 4 |  4.1
Long Blades    | 4 |  4.1
Armour         | |  2.0
Dodging        | |  2.0

Action                   |  1- 3 |  4- 6 || total
-------------------------+-------+-------++-------
Melee: Falchion          |    57 |    11 ||    68
Throw: Dart              |     1 |     1 ||     2
  Use: Potion            |       |     1 ||     1
Armor: Animal skin       |    16 |       ||    16
Dodge: Dodged            |    38 |     6 ||    44

Table legend: (Time is in decaauts)
 A = Elapsed time spent in this place.
 B = Non-inter-level travel time spent in this place.
 C = Inter-level travel time spent in this place.
 D = Time resting spent in this place.
 E = Time spent auto-exploring this place.
 F = Levels seen in this place.
 G = Mean time per level.
                   A        B        C        D        E       F      G
               +--------+--------+--------+--------+--------+-----+--------+
         Total |   2005 |   1980 |     25 |    707 |    922 |   2 | 1002.5 |
       Dungeon |   2005 |   1980 |     25 |    707 |    922 |   2 | 1002.5 |
               +--------+--------+--------+--------+--------+-----+--------+

Top non-repeatable levels by time:
     D:1: 1389 daAuts
     D:2: 615 daAuts
